 Dungeon Crawl Stone Soup version 0.30-a0-218-gedb9141078 (webtiles) character file.

Game seed: 14157580328818118030

29261 billz999 the Basher (level 13, -11/105 HPs)
             Began as a Demonspawn Gladiator on Oct 5, 2022.
             Was an Elder of Makhleb.
             Mangled by a sun demon (14 damage)
             ... in a Gauntlet.
             The game lasted 00:46:04 (17104 turns).

billz999 the Basher (Demonspawn Gladiator)         Turns: 17104, Time: 00:46:05

Health: -11/105    AC: 13    Str: 17    XL:     13   Next: 14%
Magic:  0/30       EV: 17    Int: 13    God:    Makhleb [****..]
Gold:   839        SH:  5    Dex: 18    Spells: 12/12 levels left

rFire   . . .      SeeInvis .    B - +0 broad axe (flame)
rCold   . . .      Faith    .    E - +0 buckler
rNeg    . . .      Spirit   +    b - +0 acid dragon scales
rPois   .          Reflect  .    (helmet restricted)
rElec   .          Harm     .    w - +0 cloak
rCorr   +          Rampage  +    R - +0 pair of gloves
Will    .....      NoTele   +    V - +0 pair of boots {rampage}
Stlth   ++........               J - amulet of guardian spirit
HPRegen 0.37/turn                p - +4 ring of protection
MPRegen 0.22/turn                I - ring of magical power

@: mighty, agile, on berserk cooldown, slowed, unable to read, very slow
A: horns 1, foul stench 3, powered by pain 2, sturdy frame 2, agile 1, clever 1,
inability to read after injury 1
a: Renounce Religion, Minor Destruction, Lesser Servant of Makhleb, Major
Destruction


You were in a Gauntlet.
You worshipped Makhleb.
Makhleb was greatly pleased with you.
You visited 3 branches of the dungeon, and saw 14 of its levels.
You also visited: Gauntlet.

You collected 1049 gold pieces.
You spent 210 gold pieces at shops.

Inventory:

Hand Weapons
 a - a +2 war axe
 t - a +1 vampiric whip
 B - a +0 broad axe of flaming (weapon)
Missiles
 d - 2 throwing nets (quivered)
Armour
 b - +0 acid dragon scales (worn)
 w - a +0 cloak (worn)
 A - a +2 robe of the Archmagi
 E - a +0 buckler (worn)
 R - a +0 pair of gloves (worn)
 V - a +0 pair of boots of rampaging (worn)
 X - +1 steam dragon scales
Jewellery
 p - a +4 ring of protection (left hand)
 r - a ring of willpower
 x - a ring of resist corrosion
 I - a ring of magical power (right hand)
 J - an amulet of guardian spirit (around neck)
 K - an amulet of regeneration
 Q - the amulet of Isenal {Fly Will- Regen+ SInv}
   (You found it on level 3 of the Dungeon)

   [amulet of regeneration]

   SInv:      It lets you see invisible.
   Fly:       It grants you flight.
   Regen:     It increases your rate of health regeneration.
   Will:      It decreases your willpower.
 S - a ring of willpower
Wands
 e - a wand of light (5)
 y - a wand of flame (42)
 M - a wand of mindburst (19)
 N - a wand of polymorph (10)
 T - a wand of iceblast (12)
Scrolls
 i - 6 scrolls of teleportation
 j - a scroll of immolation
 k - a scroll of summoning {unknown}
 n - 3 scrolls of vulnerability
 u - a scroll of poison
 D - 4 scrolls of blinking
 F - 2 scrolls of magic mapping
 P - 3 scrolls of amnesia
 Z - a scroll of fear
Potions
 f - 3 potions of brilliance
 h - 2 potions of flight
 l - 8 potions of curing
 m - 2 potions of attraction
 v - 3 potions of haste
 C - 5 potions of might
 G - 7 potions of degeneration
 O - a potion of invisibility
 U - 3 potions of lignification
 W - a potion of magic
Miscellaneous
 L - a lightning rod (4/4)


   Skills:
 + Level 10.8 Fighting
 - Level 5.2(9.9) Axes
 * Level 12.9(13.3) Maces & Flails
 - Level 0.3(3.2) Polearms
 - Level 9.0 Throwing
 + Level 0.4 Armour
 + Level 2.8 Dodging
 - Level 4.0 Shields
 - Level 10.7 Invocations


You had 12 spell levels left.
You didn't know any spells.
Your spell library contained the following spells:

 Spells                   Type           Power      Damage    Failure   Level
 Apportation              Tloc           0%         N/A       38%         1
 Magic Dart               Conj           0%         1d3       38%         1
 Necrotise                Necr           0%         1d4       38%         1
 Summon Small Mammal      Summ           0%         N/A       38%         1
 Call Imp                 Summ           0%         N/A       52%         2
 Searing Ray              Conj           0%         2d4       52%         2
 Frozen Ramparts          Ice            0%         1d1       77%         3
 Inner Flame              Hex/Fire       0%         N/A       77%         3
 Mephitic Cloud           Conj/Pois/Air  0%         N/A       77%         3
 Cause Fear               Hex            0%         N/A       99%         4
 Flame Wave               Conj/Fire      0%         2d4       99%         4
 Fulminant Prism          Conj/Hex       0%         3d6       99%         4
 Ice Form                 Ice/Tmut       0%         N/A       99%         4
 Sticky Flame             Conj/Fire      0%         2d3       99%         4
 Summon Ice Beast         Ice/Summ       0%         N/A       99%         4
 Discord                  Hex            0%         N/A       100%        8


Dungeon Overview and Level Annotations

Branches:
Dungeon (9/15)             Temple (1/1) D:4            Lair (4/5) D:9
  Swamp (0/4) Lair:2        Snake (0/4) Lair:2        Slime (0/5) Lair:4
    Orc (0/2) D:9         Gauntlet (1/1)

Altars:
Cheibriados
Dithmenos
Fedhas
Gozag
Hepliaklqana
Kikubaaqudgha
Makhleb
Nemelex Xobeh
Okawaru
Qazlal
Ru
Sif Muna
Trog
Uskayaw
Wu Jian
Xom
Yredelemnul

Shops:
D:7 (   D:8 [(**

Annotations:
Gauntlet 7 transporters, exclusion: oklob plant


Innate Abilities, Weirdness & Mutations

You have a pair of small horns on your head.
You frequently emit foul miasma when damaged in melee.
You sometimes gain power by taking damage.
Your movements are less encumbered by armour. (ER -4)
You are agile. (Dex +4, Str/Int -1)
Your mind is acute. (Int +4, Str/Dex -1)
You occasionally lose the ability to read scrolls when taking damage.


Message History

Your smoke demon gestures at the hell hound.
The ball of steam hits the hell hound.
The hell hound resists.
The hell hound bites your smoke demon! The sun demon misses you.
You miss the sun demon.
The sun demon is heavily wounded.
The hell hound bites your smoke demon but does no damage.
Your smoke demon hits the hell hound.
Your smoke demon misses the hell hound.
Your smoke demon hits the hell hound.
You barely miss the sun demon.
The sun demon is heavily wounded.
You can read scrolls again.
The sun demon closely misses you. The hell hound bites your smoke demon!
Your smoke demon dies!
Your smoke demon disappears in a puff of smoke!
You block the hell hound's attack.
You slice the hell hound!!
You kill the hell hound!
Makhleb accepts your kill.
You hit the sun demon. The sun demon barely misses you.
You see here a hell hound corpse.
You feel a strong urge to attack something.
The hellion enters a dispersal trap!
You blink.
The hellion blinks!
You are no longer berserk.
You are exhausted.
You feel yourself slow down.
You feel much better.
The hellion enters a dispersal trap!
The sun demon blinks!
You blink.
The hellion blinks!
Okay, then.
A demon appears!
The sun demon hits you!
* * * LOW HITPOINT WARNING * * *
You are engulfed in flames!!
You feel threatened and lose the ability to read scrolls!
* * * LOW HITPOINT WARNING * * *
You focus on the pain.
You feel more agile all of a sudden.
You emit a cloud of foul miasma!
The sun demon misses you. The sun demon hits you!
* * * LOW HITPOINT WARNING * * *
You are engulfed in flames!
You die...

# ### ### ### ### ##
###≈###≈###≈###≈###≈##
≈#≈≈≈#≈≈≈#≈≈≈#≈≈≈#≈≈≈#
...................≈#
######...#########.##
#.#.!#.⌠.##.##..##.≈##
#..###...#.#..##.#.≈≈#
.##.######.#.#3#[#.≈## ..
#©#.©#©.©##.#©^#@#.## .⌠.##
#..###.⌠.#.##.#23#..##.....
.##.##...##.2##○)#...#.⌠.#
#.#.}#.⌠.#.##..###.∩.#...#
######...#########...#.©.#
.....#.⌠.....#.....⌠.#...#
######...#########...#.©.#
^.^.s#.⌠.#WW##..W#.∩.#...#
.#.#.#...#.#...###...#.⌠.#


You could see a sun demon, a hellion, 3 shadows and a friendly smoke demon
(summoned).

Vanquished Creatures
  A hydra (Lair:4)
  A catoblepas (Lair:1)
  A lindwurm (Lair:1)
  An oklob plant (Gauntlet)
  8 elephants
  3 black mambas
  8 cane toads
  A kobold demonologist (D:9)
  3 rime drakes
  3 komodo dragons
  A troll (D:8)
  A polar bear (Lair:1)
  Grinder (D:3)
  A hornet (D:8)
  5 blink frogs (Lair:1)
  Prince Ribbit (D:7)
  Sigmund (D:2)
  41 yaks
  4 wyverns
  4 nagas (Lair:2)
  An acid dragon (Gauntlet)
  7 water moccasins
  Edmund (D:5)
  A hell hound (Gauntlet)
  A swamp drake (D:9)
  2 ice beasts (D:8)
  2 orc warriors (D:9)
  A sky beast (D:8)
  4 black bears
  The ghost of Chaicat the Chopper, an amateur GnRe (D:3)
  3 ogres
  A wolf (Lair:3)
  2 centaurs
  A phantom (D:5)
  8 kobold brigands
  15 bullfrogs
  A necrophage (D:7)
  A gnoll sergeant (D:6)
  3 scorpions
  8 howler monkeys
  6 hounds
  2 jellies
  4 gnoll boudas (D:6)
  3 orc priests
  An iguana (D:5)
  Natasha (thrice) (D:2)
  7 orc wizards
  Robin (D:2)
  14 gnolls
  5 adders
  A shadow imp (D:7)
  3 white imps
  2 ufetubi (D:5)
  2 worms
  6 dart slugs
  27 orcs
  7 ball pythons
  3 bats
  15 endoplasms
  A giant cockroach (D:4)
  17 goblins
  14 hobgoblins
  9 jackals
  3 quokkas
  4 frilled lizards
  42 kobolds
  6 rats
  A bush (Lair:3)
363 creatures vanquished.

Vanquished Creatures (collateral kills)
  Erolcha (D:9)
  3 elephants (Lair:2)
  Maggie (D:9)
  A komodo dragon (Lair:3)
  A polar bear (Lair:4)
  12 yaks
  2 nagas (Lair:2)
  An acid dragon (Gauntlet)
  A water moccasin (Lair:3)
  3 wolves (Lair:3)
  A bullfrog (Lair:4)
  A bush (Lair:3)
28 creatures vanquished.

Vanquished Creatures (others)
  6 bushes (Lair:3)
  60 fungi
  66 plants
132 creatures vanquished.

Grand Total: 523 creatures vanquished

Notes
Turn   | Place    | Note
-------+----------+-------------------------------------------
     0 | D:1      | billz999 the Demonspawn Gladiator began the quest for the
                  | Orb.
     0 | D:1      | Reached XP level 1. HP: 16/16 MP: 1/1
   191 | D:1      | Gained mutation: You may rarely emit foul miasma when
                  | damaged in melee. [demonic ancestry]
   191 | D:1      | Reached XP level 2. HP: 14/22 MP: 2/2
   446 | D:1      | Gained mutation: Your movements are slightly less
                  | encumbered by armour. (ER -2) [demonic ancestry]
   446 | D:1      | Reached XP level 3. HP: 28/28 MP: 3/3
  1195 | D:2      | Noticed Natasha
  1205 | D:2      | Killed Natasha
  1206 | D:2      | Gained mutation: Your movements are less encumbered by
                  | armour. (ER -4) [demonic ancestry]
  1206 | D:2      | Reached XP level 4. HP: 20/34 MP: 4/4
  1269 | D:2      | Noticed Natasha
  1281 | D:2      | Killed Natasha
  1431 | D:2      | Found a faded altar of an unknown god.
  1655 | D:2      | Noticed Natasha
  1667 | D:2      | Killed Natasha
  1668 | D:2      | Reached XP level 5. HP: 33/41 MP: 5/5
  1847 | D:2      | Noticed Robin
  1885 | D:2      | Killed Robin
  1934 | D:2      | Noticed Sigmund
  1956 | D:2      | Killed Sigmund
  1957 | D:2      | Reached skill level 5 in Axes
  1957 | D:2      | Gained mutation: You sometimes gain a little power by
                  | taking damage. [demonic ancestry]
  1957 | D:2      | Reached XP level 6. HP: 25/48 MP: 6/6
  2294 | D:3      | You fall into a shaft and drop 1 floor!
  2859 | D:4      | Found a staircase to the Ecumenical Temple.
  2874 | Temple   | Entered the Ecumenical Temple
  2945 | Temple   | Became a worshipper of Makhleb the Destroyer
  3321 | D:4      | Found a sacrificial altar of Ru.
  3623 | D:5      | Entered Level 5 of the Dungeon
  3644 | D:5      | Reached skill level 1 in Shields
  3677 | D:5      | Gained mutation: You have a pair of small horns on your
                  | head. [demonic ancestry]
  3677 | D:5      | Reached XP level 7. HP: 48/53 MP: 7/7
  3717 | D:5      | Noticed Edmund
  3735 | D:5      | Killed Edmund
  3856 | D:5      | Identified the +1 pair of boots of Unbearable Beauty {Harm
                  | Stlth+}
  4191 | D:5      | Found an iron altar of Okawaru.
  4209 | D:5      | Reached skill level 5 in Throwing
  4373 | D:5      | Gained mutation: You sometimes gain power by taking damage.
                  | [demonic ancestry]
  4373 | D:5      | Reached XP level 8. HP: 59/60 MP: 8/8
  4544 | D:6      | Found a hide-covered altar of Uskayaw.
  5014 | D:6      | Reached * piety under Makhleb
  6461 | D:7      | Gained mutation: You sometimes emit foul miasma when
                  | damaged in melee. [demonic ancestry]
  6461 | D:7      | Reached XP level 9. HP: 60/61 MP: 9/9
  6549 | D:3      | Found a runed translucent door.
  6620 | D:3      | Found an ancient bone altar of Kikubaaqudgha.
  6646 | D:3      | Noticed Grinder
  6652 | D:3      | Killed Grinder
  6754 | D:3      | Reached ** piety under Makhleb
  6977 | D:3      | Identified the amulet of Isenal {Fly Will- Regen+ SInv}
  7060 | D:3      | Noticed Chaicat's ghost (amateur GnRe)
  7090 | D:3      | Killed Chaicat's ghost
  7091 | D:3      | Reached skill level 1 in Maces & Flails
  7386 | D:7      | Found a sparkling altar of Nemelex Xobeh.
  7429 | D:7      | Reached skill level 2 in Maces & Flails
  7507 | D:7      | Reached skill level 3 in Maces & Flails
  7603 | D:7      | Found a hazy altar of Hepliaklqana.
  7629 | D:7      | Reached skill level 5 in Fighting
  7629 | D:7      | Reached skill level 4 in Maces & Flails
  7639 | D:7      | Reached skill level 5 in Maces & Flails
  7838 | D:7      | Reached XP level 10. HP: 45/76 MP: 10/10
  8108 | D:7      | Found Lish's Hydra Hut.
  8111 | D:7      | Noticed a four-headed hydra
  8158 | D:7      | Noticed Prince Ribbit
  8162 | D:7      | Killed Prince Ribbit
  8506 | D:8      | Reached skill level 6 in Maces & Flails
  8768 | D:8      | Found Wugar's Assorted Antiques.
  8776 | D:8      | Bought a pair of runed boots for 210 gold pieces
  8847 | D:8      | Found Vubirux's General Store.
  8943 | D:8      | Reached *** piety under Makhleb
  9067 | D:8      | Found a sparkling altar of Nemelex Xobeh.
  9100 | D:8      | Reached skill level 7 in Maces & Flails
  9272 | D:8      | Found Booguun's Antique Weapon Shop.
  9292 | D:8      | Found Loimaz's Armour Shoppe.
  9538 | D:8      | Reached skill level 1 in Invocations
  9619 | D:8      | Found a shimmering altar of Xom.
 10127 | D:9      | Found a staircase to the Lair.
 10195 | D:9      | Reached skill level 8 in Maces & Flails
 10244 | D:9      | Noticed an orange demon
 10334 | D:9      | Noticed Erolcha
 10402 | D:9      | Killed Erolcha
 10596 | D:9      | Reached XP level 11. HP: 85/85 MP: 14/14
 10624 | D:9      | Reached **** piety under Makhleb
 10644 | D:9      | Found a staircase to the Orcish Mines.
 10914 | D:9      | Found an opulent altar of Gozag.
 10914 | D:9      | Noticed Maggie
 10921 | D:9      | Killed Maggie
 11257 | D:9      | Found a shimmering blue altar of Sif Muna.
 11444 | Lair:1   | Entered Level 1 of the Lair of Beasts
 11460 | Lair:1   | Reached skill level 5 in Invocations
 11658 | Lair:1   | Reached skill level 9 in Maces & Flails
 12322 | Lair:1   | Reached skill level 10 in Maces & Flails
 13229 | Lair:1   | Noticed a catoblepas
 13237 | Lair:1   | Noticed a lindwurm
 13261 | Lair:1   | HP: 1/89 [komodo dragon (9)]
 13262 | Lair:1   | Killed a catoblepas
 13262 | Lair:1   | Killed a lindwurm
 13263 | Lair:1   | Gained mutation: You frequently emit foul miasma when
                  | damaged in melee. [demonic ancestry]
 13263 | Lair:1   | Reached XP level 12. HP: 7/95 MP: 2/17
 13270 | Lair:1   | HP: 2/95 [cane toad (5)]
 13274 | Lair:1   | Gained mutation: You are agile. (Dex +4, Str/Int -1)
                  | [potion of mutation]
 13274 | Lair:1   | Gained mutation: You occasionally lose the ability to read
                  | scrolls when taking damage. [potion of mutation]
 13274 | Lair:1   | Gained mutation: Your mind is acute. (Int +4, Str/Dex -1)
                  | [potion of mutation]
 13813 | Lair:1   | Reached skill level 11 in Maces & Flails
 14168 | Lair:2   | Found a staircase to the Snake Pit.
 14445 | Lair:2   | Reached skill level 10 in Fighting
 14713 | Lair:2   | Reached skill level 12 in Maces & Flails
 14864 | Lair:2   | Found a staircase to the Swamp.
 15415 | Lair:3   | Reached skill level 10 in Invocations
 16152 | Lair:3   | Reached XP level 13. HP: 61/104 MP: 19/20
 16581 | Lair:4   | Found a gate leading to a gauntlet.
 16600 | Gauntlet | Entered a Gauntlet
 16600 | Gauntlet | Found a transporter.
 16600 | Gauntlet | Found a transporter.
 16773 | Gauntlet | Found a transporter.
 16777 | Gauntlet | Found a transporter.
 16785 | Gauntlet | Found a transporter.
 16789 | Gauntlet | Found a transporter.
 16797 | Gauntlet | Found a transporter.
 16813 | Gauntlet | Found a transporter.
 16827 | Gauntlet | Found a transporter.
 16831 | Gauntlet | Found a transporter.
 16842 | Gauntlet | Found a transporter.
 16867 | Gauntlet | Found a transporter.
 17104 | Gauntlet | HP: 3/105 [sun demon (9)]
 17104 | Gauntlet | Mangled by a sun demon

Illustrated notes

Levels and vault maps discovered:
D:1:      erik_arrival_blinker_ship, layout_loops_cross, serial_forest,
          infiniplex_forest_end_3, infiniplex_forest_clump_medium,
          infiniplex_forest_lined_3, infiniplex_forest_end_1,
          infiniplex_forest_lined_ring, infiniplex_forest_clump_tiny,
          palyth_stone_intersect
D:2:      kennysheep_six_static_rooms, layout_rooms,
          dilly_ecumenical_altar_fadedgnrine, uniq_sigmund, uniq_robin,
          uniq_natasha
D:3:      layout_basic, mainiacjoe_overflow_paths, tso_oasis_becter,
          ebering_ghost_reflecting_pool, uniq_grinder
D:4:      layout_loops_corners, lemuel_coloured_pillars_altar,
          minmay_temple_entry_junction
D:5:      layout_basic, mainiacjoe_overflow_small_starburst, serial_glass,
          glass_columns_b, glass_columns_a, feat_on_display,
          minmay_strange_pillars, feat_on_display, feat_on_display,
          amcnicky_mini_corridor_feature, uniq_edmund
D:6:      kennysheep_housing_project, layout_basic, nicolae_uskayaw_dance_hall
D:7:      layout_basic, overflow_temple_1_default, general_overflow_altar,
          doesnt_shop_hydraphobe, uniq_prince_ribbit1
D:8:      layout_basic, lemuel_round_altar, mainiacjoe_overflow_24_doors,
          serial_shops, shop, shop, shop, shop, minmay_ruined_shrine
D:9:      layout_roguey, led_sif_pool, nicolae_gozag_seed_capital,
          due_lair_maze_entry_diamond, erik_orc_1, hex_tiny, uniq_maggie,
          uniq_erolcha
Temple:   hellmonk_temple_beads
Lair:1:   layout_gridlike, nzn_random_ring
Lair:2:   layout_cellular_growth, swamp_mist,
          minmay_snake_entry_guardpost_medium, serial_bayou_shore_b,
          lemuel_fruit_fields, serial_bayou_shore_b
Lair:3:   layout_long_grid, minmay_hedge_maze, serial_bayou_shore_b
Lair:4:   layout_long_grid, minmay_slime_entry_pillars, gauntlet_entry_generic,
          eino_small_chamber_without_monster, grunt_megastairs_3, uniq_nessos,
          uniq_rupert
Gauntlet: minmay_gauntlet_77_indecision
          [minmay_gauntlet_arena_77_radiant_squares,
          minmay_gauntlet_arena_77_fan, minmay_gauntlet_arena_77_tiled_triplets,
          minmay_gauntlet_arena_77_museum, minmay_gauntlet_arena_77_mess,
          minmay_gauntlet_arena_77_squiggly,
          nicolae_gauntlet_exit_dead_adventurers]

Skill      XL: |  1  2  3  4  5  6  7  8  9 10 11 12 |
---------------+-------------------------------------+-----
Axes           | 3 4 5 |  5.2
Throwing       | 2 3 4 5 8 9 |  9.0
Fighting       | 3 5 7 9 10 | 10.8
Shields        | 1 3 4 |  4.0
Maces & Flails | 5 8 10 12 | 12.9
Invocations    | 4 7 10 | 10.7
Polearms       | |  0.3
Armour         | |  0.4
Dodging        | |  2.8

Action                   |  1- 3 |  4- 6 |  7- 9 | 10-12 | 13-15 || total
-------------------------+-------+-------+-------+-------+-------++-------
Melee: War axe           |    87 |   123 |   332 |   281 |       ||   823
       Whip              |       |    87 |    12 |       |       ||    99
       Punch             |       |     2 |       |       |       ||     2
       Headbutt          |       |       |    76 |   149 |    18 ||   243
       Broad axe         |       |       |       |   345 |    47 ||   392
 Fire: Sling             |       |     4 |    17 |       |       ||    21
Throw: Throwing net      |       |       |     2 |     1 |       ||     3
Invok: Lesser Servant of |       |       |       |    10 |     6 ||    16
       Minor Destruction |       |       |       |     1 |       ||     1
Evoke: Wand              |       |       |     1 |    12 |     1 ||    14
       Lightning rod     |       |       |       |     3 |       ||     3
  Use: Potion            |       |     1 |       |     5 |     2 ||     8
       Scroll            |       |     1 |     6 |    11 |     5 ||    23
 Stab: Sleeping          |       |     1 |       |     1 |       ||     2
       Petrified         |       |       |       |     2 |       ||     2
       Distracted        |       |       |       |     3 |     1 ||     4
Armor: Ring mail         |    39 |   109 |       |       |       ||   148
       Chain mail        |       |    22 |   196 |   163 |       ||   381
       Steam dragon scal |       |       |       |   193 |    18 ||   211
       Acid dragon scale |       |       |       |       |     1 ||     1
Dodge: Dodged            |    61 |   140 |   165 |   366 |    26 ||   758
Block: Buckler           |       |    10 |    94 |   169 |    15 ||   288

Table legend: (Time is in decaauts)
 A = Elapsed time spent in this place.
 B = Non-inter-level travel time spent in this place.
 C = Inter-level travel time spent in this place.
 D = Time resting spent in this place.
 E = Time spent auto-exploring this place.
 F = Levels seen in this place.
 G = Mean time per level.
                   A        B        C        D        E       F      G
               +--------+--------+--------+--------+--------+-----+--------+
         Total |  17405 |  16408 |    997 |   1601 |  11525 |  15 | 1160.3 |
       Dungeon |  11556 |  10801 |    755 |   1016 |   7600 |   9 | 1284.0 |
        Temple |    234 |    128 |    106 |      0 |    116 |   1 |  234.0 |
          Lair |   5111 |   4976 |    135 |    430 |   3702 |   4 | 1277.8 |
      Gauntlet |    502 |    502 |      0 |    155 |    107 |   1 |  502.0 |
               +--------+--------+--------+--------+--------+-----+--------+

Top non-repeatable levels by time:
  Lair:1: 2396 daAuts
     D:6: 1956 daAuts
     D:8: 1574 daAuts
     D:9: 1545 daAuts
  Lair:2: 1387 daAuts
     D:7: 1304 daAuts
  Lair:3: 1278 daAuts
     D:2: 1197 daAuts
     D:4: 1141 daAuts
     D:1: 1096 daAuts
     D:5: 1009 daAuts
     D:3: 732 daAuts
Gauntlet: 502 daAuts
  Temple: 234 daAuts
  Lair:4: 49 daAuts
